 Dungeon Crawl Stone Soup version 0.31.0-11-ge490571c62 (webtiles) character file.

Game seed: 17905757539344653716

28 Minsecho the Ruffian (level 2, -1/22 HPs)
             Began as a Demigod Shapeshifter on Jan 28, 2024.
             Slain by an orc wizard
             ... wielding a +0 dagger
              (3 damage)
             ... on level 1 of the Dungeon.
             The game lasted 00:02:06 (770 turns).

Minsecho the Ruffian (Demigod Shapeshifter)          Turns: 770, Time: 00:02:06

Health: -1/22      AC:  5    Str: 15    XL:     2   Next: 75%
Magic:  4/4        EV: 11    Int: 12    God:
Gold:   117        SH:  0    Dex: 13    Spells: 1/1 levels left

rFire   . .          .
                       - Unarmed
rCold   . . .        (no shield)
rNeg    . . .        f - +0 ring mail
rPois   .            (helmet currently unavailable)
rElec   .            (cloak currently unavailable)
rCorr   +            (gloves currently unavailable)
SInv    .            (boots currently unavailable)
Will    .....        (no amulet)
Stlth   +            e - ring of resist corrosion
HPRegen 0.23/turn    (no ring)
MPRegen 0.09/turn

%: no passive effects
@: beast-form
A: beast (slay +1), high MP 1, forlorn, divine attributes
a: Begin Untransformation


You were on level 1 of the Dungeon.
You were a hulking beast.
You visited 1 branch of the dungeon, and saw 2 of its levels.

You collected 117 gold pieces.

Inventory:

Armour
 f - a +0 ring mail (worn)
 h - a scarf of resistance
Jewellery
 e - a ring of resist corrosion (left hand)
 i - a ring of protection from fire
Talismans
 c - a beast talisman
 d - a flux talisman
Scrolls
 a - a scroll of noise {unknown}
 j - a scroll of enchant armour {unknown}
Potions
 b - a potion of lignification
 g - a potion of enlightenment {unknown}
 k - a potion of mutation {unknown}


   Skills:
 + Level 0.8 Fighting
 + Level 1.0 Armour
 + Level 1.8 Dodging
 + Level 3.1 Unarmed Combat
 + Level 3.0 Shapeshifting


You had one spell level left.
You didn't know any spells.
Your spell library was empty.

Dungeon Overview and Level Annotations

Branches:
Dungeon (2/15)


Innate Abilities, Weirdness & Mutations

You are a hulking beast.
Your limbs bulge with bestial killing power. (Slay +1)
You have an increased reservoir of magic. (+10% MP)
You shall have no god before yourself.
Your divine heritage dramatically boosts your attributes as you level up.


Message History

You hit the orc wizard.
The orc wizard is severely wounded.
The orc wizard hits you with a +0 dagger.
* * * LOW HITPOINT WARNING * * *
You closely miss the orc wizard.
The orc wizard is severely wounded.
The orc wizard hits you but does no damage.
You hit the orc wizard.
The orc wizard is almost dead.
The orc wizard barely misses you.
You hit the orc wizard but do no damage.
The orc wizard is almost dead.
The orc wizard barely misses you.
You hit the orc wizard.
The orc wizard is almost dead.
The orc wizard hits you but does no damage.
You closely miss the orc wizard.
The orc wizard is almost dead.
The orc wizard gestures at you while chanting.
The puff of flame hits you.
* * * LOW HITPOINT WARNING * * *
You hit the orc wizard but do no damage.
The orc wizard is almost dead.
The orc wizard mumbles some strange words.
The orc wizard flickers and vanishes!
Deactivating autopickup; reactivate with Ctrl-A.
You hit something but do no damage.
You hear some strange, mumbled words.
A magic dart appears from out of thin air!
The magic dart hits you but does no damage.
You barely miss something. Something hits you but does no damage.
You barely miss something. Something hits you but does no damage.
You closely miss something. You hit something. Something hits you.
* * * LOW HITPOINT WARNING * * *
Okay, then.
You miss something. Your punch misses something. Something hits you.
* * * LOW HITPOINT WARNING * * *
You hit something but do no damage. Something hits you.
You die...

#..........# #.######.#.#
### #.# #.#.# ..# #.#
#.#.######## ..####.####
#)[........# #.........#
###.######.#
#..###.##.#####.######.##
#..###.##........{.(....#
.....)..........h..###..#
...###..........##.###..#
#..# ###................#
#..# #.#########.####.#
...# #.# #.# #.# ..## #.#
##.# #.## ### #.# #..#
#..# #.# #.## ##.# #.#
#.# #.#


There were no monsters in sight!

Vanquished Creatures
  A gnoll (D:1)
  A dart slug (D:1)
  An endoplasm (D:1)
  A hobgoblin (D:1)
  3 kobolds (D:1)
  A quokka (D:1)
  A ball python (D:1)
  2 bats (D:1)
  8 rats (D:1)
19 creatures vanquished.

Notes
Turn   | Place    | Note
-------+----------+-------------------------------------------
     0 | D:1      | Minsecho the Demigod Shapeshifter began the quest for the
                  | Orb.
     0 | D:1      | Reached XP level 1. HP: 15/15 MP: 3/3
   244 | D:1      | Reached XP level 2. HP: 18/22 MP: 4/4
   408 | D:1      | Reached skill level 1 in Armour
   770 | D:1      | Slain by an orc wizard

Illustrated notes

Levels and vault maps discovered:
D:1:      doesnt_arrival_eight_statues, layout_loops_ring,
          minmay_rat_gold_closets
D:2:      layout_basic, dilly_ecumenical_altar_fadedgnrine

Skill      XL: |  1  2 |
---------------+-------+-----
Unarmed Combat | 3 |  3.1
Armour         | 1 |  1.0
Shapeshifting  | 3 |  3.0
Fighting       | |  0.8
Dodging        | |  1.8

Action                     || total
---------------------------++-------
  Melee: Unarmed           ||    69
 Armour: Ring mail         ||    46
  Dodge: Dodged            ||    32
